Map: Old Republic LE

Players

HeroMarine - Winner!

  • Race: Terran Terran
  • Spawn Location: 1:00

Serral

  • Race: Zerg Zerg
  • League: Grandmaster
  • Spawn Location: 7:00

VOD

Have the link to the VOD?

Description

Time

  • Played on: Feb. 1, 2026, 1:09 p.m.
  • Length: 14:12
Show
View Real Time Build Order
Export as new Build Order

HeroMarine Terran - Winner!

Build Orders: 2 Factory, Command Center First, Hellion Opening 

Get SALT Encoding   

  12  0:00  SCV  
  13  0:12  SCV  
  14  0:17  Supply Depot  
  14  0:24  SCV  
  15  0:38  SCV  
  16  0:50  SCV  
  17  0:58  Command Center  
  17  1:02  SCV  
  18  1:11  Barracks  
  18  1:15  SCV  
  19  1:20  Refinery  
  19  1:27  SCV  
  19  1:28  Refinery  
  20  1:39  SCV  
  21  1:51  SCV  
  22  1:57  Marine  
  23  2:03  Orbital Command  
  23  2:09  Factory  
  23  2:11  Orbital Command  
  23  2:20  Barracks Reactor  
  23  2:29  SCV  
  24  2:37  SCV  
  24  2:41  SCV  
  24  2:43  Factory  
  26  2:49  SCV  
  27  2:53  SCV  
  27  2:54  Supply Depot  
  30  3:01  SCV  
  30  3:02  Factory  
  30  3:05  SCV  
  32  3:12  Hellion x2  
  34  3:14  SCV  
  34  3:17  SCV  
  36  3:20  Barracks Tech Lab  
  36  3:26  SCV  
  37  3:29  SCV  
  37  3:30  Supply Depot  
  37  3:31  Supply Depot  
  38  3:35  Hellion  
  38  3:36  Hellion  
  38  3:38  SCV  
  43  3:41  SCV  
  43  3:44  Barracks Tech Lab  
  44  3:50  SCV  
  44  3:52  Cyclone  
  44  3:53  SCV  
  49  3:57  Hellion x2  
  53  4:03  Supply Depot, SCV  
  53  4:05  SCV  
  53  4:07  Cyclone  
  58  4:13  Supply Depot  
  58  4:15  SCV  
  59  4:18  SCV  
  59  4:21  Hellion, Supply Depot  
  62  4:24  Cyclone  
  62  4:25  Hellion  
  62  4:28  SCV  
  62  4:30  SCV  
  69  4:39  Cyclone  
  69  4:40  SCV  
  69  4:42  SCV  
  68  4:51  Starport  
  68  4:52  SCV  
  67  4:54  SCV, Command Center  
  67  4:58  Starport  
  68  5:06  Refinery  
  70  5:08  Refinery  
  70  5:13  Hellion x2  
  70  5:14  SCV, Supply Depot  
  73  5:15  SCV  
  73  5:19  Cyclone  
  77  5:21  Hellion  
  77  5:22  Hyperflight Rotors  
  77  5:26  SCV  
  77  5:27  SCV  
  81  5:31  Starport Tech Lab  
  81  5:38  SCV, Hellion x2  
  81  5:39  SCV  
  81  5:41  Starport Tech Lab  
  87  5:43  Supply Depot  
  85  5:50  SCV  
  85  5:52  SCV, Banshee  
  85  5:54  Hellion  
  85  5:55  Hellion  
  92  6:01  Banshee  
  92  6:02  SCV  
  94  6:08  SCV x2  
  96  6:16  Cyclone  
  96  6:17  SCV  
  93  6:21  Hellion  
  93  6:22  Orbital Command  
  93  6:23  SCV  
  94  6:27  Cyclone  
  94  6:29  SCV  
  98  6:35  Banshee, SCV  
  98  6:37  Command Center  
  102  6:41  SCV  
  102  6:44  Banshee  
  102  6:45  Hellion  
  108  6:47  SCV  
  108  6:48  Orbital Command  
  108  6:52  Hellion x2  
  108  6:53  SCV, Refinery  
  110  6:55  Refinery  
  110  6:59  SCV  
  111  7:10  SCV  
  111  7:11  Factory, SCV  
  111  7:12  Factory  
  111  7:14  SCV  
  111  7:15  Supply Depot  
  114  7:16  Supply Depot  
  114  7:17  Banshee  
  114  7:19  Mag-Field Accelerator  
  117  7:25  Infernal Pre-Igniter  
  117  7:29  Banshee  
  121  7:30  Engineering Bay  
  121  7:32  Hellion x2  
  127  7:37  Cyclone  
  127  7:38  Supply Depot  
  127  7:39  Supply Depot  
  127  7:41  Cloaking Field  
  127  7:42  Armory  
  127  7:49  Command Center  
  127  7:52  SCV x2  
  127  7:54  SCV  
  127  7:56  Cyclone  
  127  7:58  Factory Reactor, Factory Tech Lab  
  133  8:04  SCV x2  
  135  8:06  SCV  
  136  8:14  Medivac  
  136  8:15  Medivac  
  136  8:16  SCV x2  
  136  8:18  SCV  
  136  8:19  Refinery x2  
  143  8:20  Cyclone x2  
  143  8:22  Orbital Command  
  149  8:28  Cyclone, SCV x2  
  149  8:30  Hellion x2, SCV  
  159  8:40  SCV  
  160  8:42  SCV x2  
  162  8:52  Hellion x2, Cyclone x2  
  172  8:59  Terran Vehicle Weapons Level 1  
  172  9:00  Banshee x2, Supply Depot  
  178  9:03  Armory  
  154  9:11  Cyclone  
  154  9:12  Hellion x2  
  154  9:15  Hellion x2  
  158  9:24  Cyclone  
  158  9:28  SCV x3  
  155  9:32  Factory x3  
  155  9:37  Siege Tank  
  155  9:38  Hellion x4  
  166  9:39  SCV  
  166  9:40  SCV  
  166  9:43  Siege Tank  
  166  9:44  SCV x2  
  173  9:52  SCV x2  
  175  9:56  SCV x2, Terran Vehicle And Ship Armor Level 1  
  175  9:57  Hellion  
  179  10:01  Hellion x2  
  179  10:02  Hellion, Fusion Core  
  179  10:04  SCV, Hellion  
  188  10:12  Planetary Fortress  
  182  10:14  Refinery  
  182  10:16  Refinery  
  182  10:17  Factory Tech Lab x2  
  182  10:18  Factory Reactor  
  182  10:19  Factory Tech Lab  
  180  10:21  Siege Tank  
  180  10:23  Siege Tank  
  180  10:24  Missile Turret  
  180  10:25  Hellion x2  
  180  10:26  Hellion  
  189  10:29  SCV x2  
  189  10:32  Missile Turret  
  191  10:36  Siege Tank x2  
  191  10:40  Siege Tank  
  191  10:42  Siege Tank  
  195  10:53  Siege Tank  
  198  10:58  Hellion  
  200  11:06  Siege Tank  
  195  11:13  Siege Tank  
  195  11:15  Siege Tank  
  195  11:16  Cyclone  
  195  11:17  Cyclone  
  197  11:20  Hellion, Command Center  
  197  11:21  Command Center  
  197  11:22  Command Center  
  197  11:25  Missile Turret  
  197  11:27  Sensor Tower  
  197  11:28  Missile Turret  
  197  11:29  Siege Tank  
  197  11:31  Advanced Ballistics  
  200  11:36  Factory  
  200  11:41  Factory  
  200  11:45  Command Center, Starport Reactor  
  200  11:54  Siege Tank  
  200  11:57  Siege Tank x3, Hellion  
  200  12:00  Siege Tank  
  172  12:03  Liberator  
  172  12:07  Hellion x2  
  177  12:10  Hellion  
  177  12:12  Hellion  
  178  12:20  Siege Tank  
  181  12:26  Siege Tank  
  181  12:29  Siege Tank x3  
  193  12:32  Siege Tank  
  193  12:35  Siege Tank  
  196  12:39  Hellion x2  
  197  12:44  Hellion  
  197  12:56  Cyclone  
  197  12:58  Hellion, Cyclone  
  176  13:00  Hellion  
  176  13:01  Cyclone, Hellion x2  
  185  13:09  Cyclone x2  
  185  13:10  Hellion  
  191  13:14  Cyclone  
  191  13:19  Hellion  
  172  13:21  Hellion  
  172  13:22  Hellion  
  172  13:26  Cyclone  
  162  13:29  Hellion  
Show
View Real Time Build Order
Export as new Build Order

Serral Zerg 

Build Orders: Hatch First 

Get SALT Encoding   

  12  0:00  Drone  
  13  0:07  Drone  
  13  0:14  Extractor, Drone  
  14  0:20  Overlord  
  15  0:39  Drone  
  16  0:44  Hatchery  
  16  0:47  Drone  
  16  0:51  Drone  
  16  0:55  Drone  
  18  1:05  Extractor  
  18  1:10  Spawning Pool  
  16  1:13  Drone  
  16  1:16  Drone  
  18  1:26  Drone  
  19  1:37  Drone  
  20  1:47  Drone  
  21  1:56  Queen x2  
  21  1:58  Zergling x2  
  21  1:59  Zergling x2  
  27  2:09  Overlord  
  27  2:11  Drone  
  28  2:22  Hatchery  
  27  2:23  Drone  
  27  2:28  Drone  
  27  2:29  Drone  
  30  2:31  Drone  
  31  2:38  Queen  
  31  2:43  Overlord  
  33  2:47  Drone  
  33  2:49  Drone  
  35  2:53  Drone  
  36  3:02  Overlord  
  36  3:06  Drone x4  
  36  3:08  Drone x3  
  43  3:14  Drone  
  44  3:20  Queen  
  46  3:28  Queen  
  46  3:29  Roach Warren  
  46  3:32  Overlord  
  47  3:35  Drone x2  
  47  3:37  Drone  
  47  3:39  Drone  
  47  3:40  Drone  
  52  3:47  Drone x4  
  56  3:51  Overlord  
  56  3:53  Drone  
  57  3:55  Drone  
  57  3:56  Drone  
  57  3:59  Overlord  
  59  4:04  Drone  
  59  4:09  Lair  
  62  4:10  Roach  
  62  4:13  Roach  
  62  4:14  Roach x2  
  62  4:17  Drone x3  
  71  4:18  Drone  
  71  4:21  Overlord  
  72  4:25  Roach  
  72  4:28  Drone x2  
  72  4:29  Extractor  
  72  4:30  Extractor  
  74  4:31  Drone x3  
  75  4:44  Drone x7  
  75  4:46  Drone  
  75  4:47  Drone  
  75  4:50  Drone  
  78  4:53  Drone x2  
  78  4:58  Spore Crawler  
  78  4:59  Drone  
  80  5:00  Drone x2  
  80  5:02  Drone  
  80  5:04  Drone x2  
  83  5:08  Overseer  
  83  5:11  Spore Crawler, Drone  
  83  5:12  Glial Reconstitution, Evolution Chamber  
  83  5:13  Evolution Chamber  
  81  5:16  Drone  
  81  5:17  Drone  
  81  5:19  Extractor  
  81  5:21  Overseer  
  84  5:22  Drone x3  
  84  5:26  Extractor x2  
  87  5:32  Roach  
  89  5:35  Roach x2  
  89  5:37  Overlord  
  89  5:39  Overlord  
  89  5:42  Overlord  
  89  5:44  Zerg Missile Weapons Level 1  
  89  5:46  Overlord  
  88  5:55  Roach x3  
  88  5:56  Overlord  
  87  5:57  Roach x5  
  87  6:00  Zerg Melee Weapons Level 1  
  87  6:01  Roach x2  
  87  6:02  Roach  
  99  6:07  Roach x2  
  99  6:09  Roach  
  99  6:10  Zergling x2, Roach  
  104  6:12  Roach  
  104  6:14  Roach  
  94  6:19  Roach x2  
  98  6:26  Roach x4  
  98  6:31  Drone x2  
  106  6:38  Drone  
  107  6:42  Drone x2  
  109  6:49  Drone  
  109  6:52  Drone x5  
  114  7:01  Drone x5  
  119  7:03  Hatchery  
  119  7:06  Queen  
  119  7:08  Tunneling Claws, Burrow  
  120  7:10  Drone  
  120  7:15  Drone  
  122  7:19  Overlord  
  122  7:20  Overlord x2  
  122  7:25  Infestation Pit  
  122  7:28  Overlord  
  121  7:31  Drone, Baneling Nest  
  121  7:38  Overlord  
  121  7:40  Roach x4, Zerg Missile Weapons Level 2  
  129  7:48  Queen x2  
  129  7:50  Spore Crawler  
  129  7:51  Overseer  
  130  7:57  Spore Crawler  
  127  8:00  Roach x3  
  128  8:07  Roach x14  
  128  8:08  Roach x4  
  132  8:14  Drone  
  132  8:15  Spore Crawler  
  132  8:16  Infestor x2  
  132  8:17  Infestor  
  132  8:19  Queen  
  140  8:21  Infestor  
  140  8:22  Infestor  
  144  8:27  Queen  
  144  8:32  Drone x4  
  144  8:33  Roach x12  
  150  8:34  Roach x14  
  150  8:35  Roach x3  
  150  8:36  Drone x3  
  150  8:38  Drone x2  
  150  8:41  Infestor  
  154  8:43  Neural Parasite  
  154  8:44  Roach x14  
  154  8:46  Roach x14  
  152  8:48  Overlord  
  152  8:51  Queen  
  152  8:55  Overlord  
  154  8:57  Queen  
  154  8:58  Roach x2  
  154  8:59  Drone  
  154  9:01  Drone  
  154  9:02  Drone  
  159  9:06  Queen  
  159  9:09  Queen  
  153  9:13  Drone x2  
  153  9:14  Hydralisk Den  
  153  9:15  Drone  
  153  9:16  Drone  
  138  9:27  Drone x8  
  138  9:31  Roach x9, Zerg Melee Weapons Level 2  
  146  9:39  Spire  
  146  9:40  Spore Crawler  
  146  9:41  Extractor  
  146  9:42  Extractor, Roach x5  
  152  9:47  Hive  
  152  9:51  Centrifugal Hooks  
  152  9:54  Roach x3  
  152  9:58  Roach x3  
  158  10:03  Roach x7  
  158  10:05  Overlord  
  170  10:07  Overlord  
  170  10:15  Roach x3  
  170  10:17  Drone x3  
  170  10:18  Overlord  
  170  10:20  Zergling x6  
  176  10:25  Ravager  
  176  10:26  Ravager x6  
  182  10:30  Zergling x10  
  182  10:31  Zergling x10  
  184  10:43  Infestor x5  
  184  10:45  Hydralisk x7, Muscular Augments  
  184  10:46  Hydralisk  
  184  10:49  Baneling x7  
  200  10:58  Roach  
  195  11:07  Ravager x3  
  195  11:13  Zergling x2  
  195  11:14  Zergling x16  
  195  11:16  Zergling x14  
  196  11:22  Greater Spire  
  196  11:24  Hatchery  
  195  11:25  Zerg Missile Weapons Level 3  
  195  11:31  Metabolic Boost  
  193  11:43  Ravager x5  
  198  11:48  Baneling x5  
  188  11:54  Zergling x18  
  188  11:55  Zergling x6  
  188  11:56  Zergling x2  
  188  11:57  Zergling x8  
  176  12:02  Roach x3  
  176  12:05  Drone x3  
  185  12:11  Ravager  
  185  12:14  Roach x4  
  189  12:17  Baneling x8  
  189  12:18  Baneling  
  189  12:21  Roach x3  
  195  12:23  Baneling x2  
  195  12:24  Baneling x5  
  195  12:25  Zergling x2  
  195  12:28  Zergling x4  
  197  12:32  Ravager x2, Zergling x2  
  197  12:34  Zergling x2  
  198  12:37  Zergling x2  
  198  12:40  Zergling x2  
  198  12:42  Overlord  
  197  12:56  Zergling x14  
  177  12:59  Ravager  
  177  13:00  Ravager x5  
  177  13:01  Queen x3  
  177  13:02  Roach x4  
  196  13:09  Roach x2  
  174  13:17  Roach x3, Zergling x2  
  174  13:18  Roach  
  174  13:19  Roach  
  145  13:20  Queen  
  145  13:26  Roach x2, Zergling x2  
  136  13:29  Roach  
  136  13:31  Roach  
  136  13:33  Ravager  
  136  13:34  Ravager x5  
  141  13:35  Roach, Zergling x2  
  141  13:36  Zergling x4, Queen x2  
  141  13:40  Zergling x4  
  149  13:45  Roach x3  
  142  13:49  Roach  
  142  13:51  Roach  
Tags
 
Add a new tag
Caveats
  • Supply blocks, unpowered buildings, or Contaminate may cause inaccurate times.
  • Supply counts are checked every 10 seconds.